 Dungeon Crawl Stone Soup version 0.28.0-47-ge53b351184 (webtiles) character file.

Game seed: 13115361274175747172

58 fictitious the Slasher (level 4, -13/33 HPs)
             Began as a Djinni Gladiator on May 7, 2022.
             Killed by divine providence
             ... invoked by an orc priest
              (14 damage)
             ... on level 3 of the Dungeon.
             The game lasted 00:06:32 (1582 turns).

fictitious the Slasher (Djinni Gladiator)           Turns: 1582, Time: 00:06:33

Health: -13/33     AC:  7    Str: 15    XL:     4   Next: 20%
Gold:   75         EV: 12    Int: 10    God:
                   SH:  0    Dex: 14

rFire   + + .      SeeInvis .   b - +3 hunting sling
rCold   x . .      Faith    .   (no shield)
rNeg    . . .      Spirit   .   h - +3 leather armour
rPois   ∞          Reflect  .   W - +0 helmet
rElec   .          Harm     .   (no cloak)
rCorr   .          Rampage  .   (no gloves)
Will    .....                   (boots unavailable)
Stlth   +.........              (no amulet)
HPRegen 0.11/turn               (no ring)
MPRegen 0.00/turn               (no ring)

@: flying
A: sickness immunity, fire resistance 2, cold vulnerability 1, float, innate
caster, HP casting, extra vitality 1
a: no special abilities


You were on level 3 of the Dungeon.
You visited 1 branch of the dungeon, and saw 3 of its levels.

You collected 75 gold pieces.

Inventory:

Hand Weapons
 a - a +0 long sword
 b - a +3 hunting sling (weapon)
Missiles
 d - 3 throwing nets
 e - 79 stones (quivered ammo)
Armour
 c - a +0 leather armour
 h - a +3 leather armour (worn)
 W - a +0 helmet (worn)
Jewellery
 P - a ring of fire
Scrolls
 g - 3 scrolls of identify {unknown}
 i - a scroll of blinking {unknown}
Potions
 f - 2 potions of attraction {unknown}


   Skills:
 - Level 2.0 Fighting
 + Level 4.3 Long Blades
 - Level 1.5 Throwing
 - Level 3.2 Dodging


You had 2 spell levels left.
You knew the following spells:

 Your Spells              Type           Power      Damage    Failure   Level
a - Freeze                Ice            0%         1d3       43%         1
Your spell library was empty.

Dungeon Overview and Level Annotations

Branches:
Dungeon (3/15)

Altars:

Annotations:
D:2 1 runed translucent door, Crazy Yiuf


Innate Abilities, Weirdness & Mutations

You are immune to sickness and miasma.
You are immune to poison.
Your flesh is very heat resistant. (rF++)
You are vulnerable to cold. (rC-)
You float through the air rather than walking.
You learn spells naturally, not from books.
Your magical power is your life essence.
You have superior vitality. (+4 MHP)


Message History

Press: ? - help, Q - select action Shift-Dir - straight line, f/p - orc priest
Aim: an orc priest, wielding a +0 falchion (lightly wounded, 63% to hit)
You shoot a stone. The orc shouts!
The stone hits the orc priest.
The orc priest is heavily wounded.
The orc priest miscasts a cantrip.
The orc priest mumbles some strange prayers to Beogh against you.
Beogh smites you!
Fire: 82 stones
Press: ? - help, Q - select action Shift-Dir - straight line, f/p - orc priest
Aim: an orc priest, wielding a +0 falchion (heavily wounded, 63% to hit)
You shoot a stone. The stone hits the orc priest.
The orc priest is severely wounded.
The orc priest calls down the wrath of Beogh upon you.
Beogh smites you!
You hear a shout!
Fire: 81 stones
Press: ? - help, Q - select action Shift-Dir - straight line, f/p - orc priest
Aim: an orc priest, wielding a +0 falchion (severely wounded, 63% to hit)
You shoot a stone. The stone barely misses the orc.
The stone closely misses the orc priest.
There is an escape hatch in the ceiling here.
Fire: 80 stones
Press: ? - help, Q - select action Shift-Dir - straight line, f/p - orc priest
Aim: an orc priest, wielding a +0 falchion (severely wounded, 63% to hit)
You shoot a stone. The stone hits the orc.
The orc is severely wounded.
The orc priest mumbles some strange prayers to Beogh against you.
Beogh smites you!
* * * LOW HITPOINT WARNING * * *
You hear a shout!
The orc hits you with a +0 falchion.
* * * LOW HITPOINT WARNING * * *
The orc priest mumbles some strange prayers to Beogh against you.
Beogh smites you!
You die...

# (..
#########.(##
###....@o(oo..#
#...#######...#
#...# #...# ...
#...###.#.# #
#.......#.#
#...#####.#
##### #.# #.#
#.#


You could see an orc priest and 2 orcs.

Vanquished Creatures
  2 adders (D:2)
  A worm (D:2)
  3 giant cockroaches
  3 goblins
  3 hobgoblins
  7 jackals
  A quokka (D:1)
  3 ball pythons
  3 frilled lizards (D:1)
  3 kobolds
  8 rats
37 creatures vanquished.

Vanquished Creatures (others)
  A fungus (D:2)
  A plant (D:2)
2 creatures vanquished.

Grand Total: 39 creatures vanquished

Notes
Turn   | Place    | Note
-------+----------+-------------------------------------------
     0 | D:1      | fictitious the Djinni Gladiator began the quest for the
                  | Orb.
     0 | D:1      | Reached XP level 1. HP: 18/18 MP: 0/0
   131 | D:1      | Reached skill level 3 in Long Blades
   149 | D:1      | Reached XP level 2. HP: 23/23 MP: 0/0
   672 | D:1      | Reached XP level 3. HP: 28/28 MP: 0/0
   672 | D:1      | Learned a level 1 spell: Freeze
   929 | D:2      | Found a faded altar of an unknown god.
  1049 | D:2      | Reached skill level 4 in Long Blades
  1150 | D:2      | Reached XP level 4. HP: 33/33 MP: 0/0
  1390 | D:2      | Found a runed translucent door.
  1391 | D:2      | Noticed Crazy Yiuf
  1582 | D:3      | HP: 1/33 [orc/+0 falchion (1)]
  1582 | D:3      | Killed from afar by an orc priest

Illustrated notes

Levels and vault maps discovered:
D:1:      dpeg_arrival_central, layout_basic
D:2:      layout_basic, shapermc_ecumenical_altar_rom_forum,
          uniq_crazy_yiuf_cottage
D:3:      layout_basic

Skill      XL: |  1  2  3 |
---------------+----------+-----
Long Blades    | 3 4 |  4.3
Fighting       | |  2.0
Throwing       | |  1.5
Dodging        | |  3.2

Action                   |  1- 3 |  4- 6 || total
-------------------------+-------+-------++-------
Melee: Long sword        |    65 |    14 ||    79
       Punch             |     3 |       ||     3
 Fire: Hunting sling     |     8 |    13 ||    21
Throw: Stone             |    27 |       ||    27
Armor: Leather armour    |    17 |     5 ||    22
Dodge: Dodged            |    39 |    15 ||    54
